 Dungeon Crawl Stone Soup version 0.19-a0-1193-g2641e52 (webtiles) character file.

11863 PurpleRed the Destroyer (level 11, 0/54 HPs)
             Began as a Deep Elf Conjurer on Aug 19, 2016.
             Was a Believer of Vehumet.
             Slain by a minotaur (15 damage)
             ... in a labyrinth.
             The game lasted 00:57:05 (6518 turns).

PurpleRed the Destroyer (Deep Elf Conjurer)         Turns: 6518, Time: 00:57:06

Health: 0/54       AC:  8    Str:  8    XL:     11   Next: 54%
Magic:  25/29      EV: 11    Int: 27    God:    Vehumet [**....]
Gold:   298        SH: 10    Dex: 15    Spells: 6 memorised, 15 levels left

rFire  + . .     SeeInvis .     B - staff of fire
rCold  . . .     Gourm    .     a - +0 robe
rNeg   . . .     Faith    .     W - +1 shield {reflect}
rPois  .         Spirit   .     V - +1 hat
rElec  .         Dismiss  .     x - +0 cloak
rCorr  .         Reflect  +     R - +2 pair of gloves {Str+3}
MR     ++...     Harm     .     n - +0 pair of boots
Stlth  ++........               S - amulet of magic regeneration
                                K - +3 ring of intelligence
                                I - ring of protection from magic

@: invisible
A: no striking features
a: Renounce Religion


You were in a labyrinth.
You worshipped Vehumet.
Vehumet was pleased with you.
You were not hungry.

You visited 3 branches of the dungeon, and saw 14 of its levels.
You also visited: Labyrinth.

You collected 706 gold pieces.
You spent 408 gold pieces at shops.

Inventory:

Hand Weapons
 u - a +1 blowgun
 w - a +3 quarterstaff of chaos
 y - the +0 mace of Valiance {venom, *Confuse Str+7 Int+3}
   (You found it on level 6 of the Dungeon)

   It poisons the flesh of those it strikes.
   It affects your strength (+7).
   It affects your intelligence (+3).
   It may confuse you when you take damage.
Missiles
 v - 60 poisoned needles
Armour
 a - a +0 robe (worn)
 m - a +0 shadow dragon armour
 n - a +0 pair of boots (worn)
 x - a +0 cloak (worn)
 R - a +2 pair of gloves of strength (worn)
 V - a +1 hat (worn)
 W - a +1 shield of reflection (worn)
Magical Staves
 B - an uncursed staff of fire (weapon)
Jewellery
 k - an uncursed ring of ice
 I - a ring of protection from magic (left hand)
 K - a +3 ring of intelligence (right hand)
 S - an amulet of magic regeneration (around neck)
 X - an uncursed ring of poison resistance
Wands
 o - a wand of lightning (13/15)
 p - a wand of acid (6/15)
 t - a wand of slowing (17/48)
 M - a wand of iceblast (9/15)
 U - a wand of iceblast (3/15)
 Z - a wand of flame (19/48)
Scrolls
 h - 10 scrolls of remove curse
 l - a scroll of holy word {unknown}
 D - 2 scrolls of fog
 F - 4 scrolls of teleportation
 G - a scroll of amnesia
 O - a scroll of enchant weapon
Potions
 e - 4 potions of curing
 f - 3 potions of flight
 j - 3 potions of brilliance {unknown}
 q - a potion of ambrosia {unknown}
 A - 2 potions of berserk rage {unknown}
 C - a potion of haste
 E - 3 potions of resistance {unknown}
 J - a potion of cancellation {unknown}
 N - 3 potions of heal wounds {unknown}
 P - a potion of experience {unknown}
 Q - 2 potions of agility
 Y - a potion of lignification {unknown}
Books
 b - a book of Conjurations

   Spells                             Type                      Level
   a - Magic Dart                     Conjuration                  1
   b - Searing Ray                    Conjuration                  2
   c - Dazzling Spray                 Conjuration/Hexes            3
   d - Fulminant Prism                Conjuration/Hexes            4
   e - Iskenderun's Mystic Blast      Conjuration                  4
   f - Iskenderun's Battlesphere      Conjuration/Charms           5
 T - a book of the Tempests

   Spells                             Type                      Level
   a - Static Discharge               Conjuration/Air              3
   b - Lightning Bolt                 Conjuration/Air              5
   c - Fireball                       Conjuration/Fire             5
   d - Tornado                        Air                          9
   e - Shatter                        Earth                        9
Comestibles
 c - 11 bread rations
 d - 2 slices of pizza
 g - 4 meat rations
 z - 3 fruits


   Skills:
 - Level 2.4 Dodging
 - Level 2.4 Stealth
 + Level 5.7 Shields
 + Level 12.0 Spellcasting
 - Level 12.2 Conjurations
 - Level 9.0 Charms
 * Level 8.2 Fire Magic


You had 15 spell levels left.
You knew the following spells:

 Your Spells              Type           Power        Failure   Level  Hunger
a - Magic Dart            Conj           ####         1%          1    None
b - Searing Ray           Conj           ######       1%          2    None
c - Iskenderun's Mystic   Conj           ######..     1%          4    None
d - Iskenderun's Battles  Conj/Chrm      ######..     4%          5    ###....
e - Fireball              Conj/Fire      #######...   6%          5    ###....
f - Sublimation of Blood  Necr           ###.......   17%         2    None


Dungeon Overview and Level Annotations

Branches:
Dungeon (12/15)            Temple (1/1) D:5            Lair (0/6) D:8
    Orc (1/2) D:9

Altars:
Ashenzari
Cheibriados
Dithmenos
Elyvilon
Fedhas
Gozag
Hepliaklqana
Kikubaaqudgha
Makhleb
Nemelex Xobeh
Okawaru
Qazlal
Ru
Sif Muna
Trog
Uskayaw
Vehumet
Xom
Yredelemnul
Zin
The Shining One
Beogh

Shops:
D:5 *(   D:7 =   D:8 :


Message History

Your battlesphere wavers and loses cohesion.
Casting: Fireball
Confirm with . or Enter, or press ? or * to list all spells.
You conjure a globe of magical energy.
You block the minotaur's attack. x2
The minotaur hits your battlesphere!!
Your battlesphere is destroyed!
You block the minotaur's attack. The minotaur gores you!
Casting: Iskenderun's Battlesphere
Confirm with . or Enter, or press ? or * to list all spells.
You conjure a globe of magical energy.
The minotaur hits you. The minotaur gores you!
* * * LOW HITPOINT WARNING * * *
Okay, then.
Press: ? - help, v - describe, . - travel
Here: a minotaur, wearing a sapphire ring (moderately wounded)
The floor.
Unknown command.
You fade into invisibility!
You block the minotaur's attack. The minotaur gores you!
You die...

. #.. ... #.# .. #
#### #.#.# # #...#
# ##.#.### . # #
#. .#.# .. .# ###
.#.# #.# #
###.#...# #
##########...####
.......@H*.......#
.#...#####.#####.#
#. ..# ###


You could see a minotaur and a friendly battlesphere.

Vanquished Creatures
  Fannar (D:10)
  Erolcha (D:10)
  3 hill giants
  2 cyclopes
  A deep elf mage (D:12)
  A manticore (D:12)
  2 komodo dragons
  The ghost of Haruko the Sneak, a novice VSEn (D:5)
  A two-headed ogre (D:12)
  A minotaur skeleton (Lab)
  A spriggan (D:9)
  2 shadows (Lab)
  2 redbacks (Lab)
  A wyvern (D:9)
  4 yaks (D:12)
  A steam dragon (D:10)
  A water moccasin (D:10)
  5 orc warriors
  An ice beast (D:9)
  2 black bears
  An eye of draining (D:8)
  7 centaurs
  4 ogres
  A crocodile (D:11)
  5 giant frogs
  A wyvern zombie (D:12)
  A gnoll sergeant (D:10)
  2 scorpions
  15 killer bees
  A troll skeleton (Lab)
  A howler monkey (D:11)
  2 electric eels (D:9)
  2 vampire bats (D:3)
  6 crimson imps
  A giant frog zombie (D:10)
  A wasp zombie (D:10)
  A centaur skeleton (D:8)
  8 hounds
  2 jellies
  3 giant frog skeletons
  Crazy Yiuf (D:6)
  3 orc priests
  2 iguanas
  8 orc wizards
  5 worker ants
  A hound zombie (D:6)
  A howler monkey zombie (D:5)
  7 gnolls
  10 adders
  A shadow imp (D:8)
  An adder zombie (D:6)
  5 worms
  A dart slug (D:2)
  7 giant geckos
  47 orcs
  6 bats
  2 bat skeletons (D:3)
  2 bat zombies (D:3)
  A giant cockroach (D:3)
  4 goblins
  5 hobgoblins
  6 jackals
  A quokka (D:4)
  3 ball pythons
  2 giant gecko skeletons
  2 giant newts
  3 kobolds
  2 quokka skeletons (D:4)
  7 rats
  A fungus (D:6)
246 creatures vanquished.

Vanquished Creatures (others)
  A necrophage (D:7)
  A wyvern zombie (D:9)
  An adder zombie (D:9)
  A plant (D:8)
4 creatures vanquished.

Grand Total: 250 creatures vanquished

Notes
Turn   | Place    | Note
-------+----------+-------------------------------------------
     0 | D:1      | PurpleRed the Deep Elf Conjurer began the quest for the Orb.
     0 | D:1      | Reached XP level 1. HP: 10/10 MP: 6/6
   139 | D:2      | Reached XP level 2. HP: 15/15 MP: 5/8
   170 | D:2      | Reached skill level 5 in Conjurations
   174 | D:2      | Learned a level 2 spell: Searing Ray
   262 | D:2      | Reached XP level 3. HP: 19/19 MP: 6/10
   315 | D:3      | Found a white marble altar of Elyvilon.
   466 | D:4      | Reached XP level 4. HP: 15/24 MP: 7/12
   679 | D:5      | Entered Level 5 of the Dungeon
   684 | D:5      | Found an iron altar of Okawaru.
   706 | D:5      | Found Susei's Assorted Antiques.
   750 | D:5      | Found a staircase to the Ecumenical Temple.
   758 | Temple   | Entered the Ecumenical Temple
   796 | D:5      | Noticed Haruko's ghost (novice VSEn)
   821 | D:5      | Killed Haruko's ghost
   821 | D:5      | Reached skill level 5 in Spellcasting
   821 | D:5      | Reached XP level 5. HP: 23/28 MP: 3/15
   821 | D:5      | Reached XP level 6. HP: 26/32 MP: 3/16
   831 | D:5      | Bought a scroll labeled TUEW DYJORAXO for 26 gold pieces
   831 | D:5      | Bought a scroll labeled GAQYOM SASO for 26 gold pieces
   831 | D:5      | Bought a scroll labeled ANEIWEU AMUDU for 26 gold pieces
   898 | D:5      | Noticed a moth of wrath
   901 | D:5      | Found a bloodstained altar of Trog.
  1130 | D:5      | Found a shimmering altar of Xom.
  1218 | D:6      | Found a runed door.
  1222 | D:6      | Noticed Crazy Yiuf
  1225 | D:6      | Killed Crazy Yiuf
  1232 | D:6      | Got a brightly glowing mace
  1234 | D:6      | Identified the +0 mace of Valiance {venom, *Confuse Str+7 Int+3} (You found it on level 6 of the Dungeon)
  1467 | D:7      | Found Ugetod's Jewellery Shoppe.
  1531 | D:7      | Reached XP level 7. HP: 13/36 MP: 13/18
  2100 | D:5      | Found Gure Isi's Antique Weapon Boutique.
  2202 | D:5      | Found a shattered altar of Ashenzari.
  2578 | D:3      | Found an ancient bone altar of Kikubaaqudgha.
  2714 | D:2      | Learned a level 4 spell: Iskenderun's Mystic Blast
  2720 | D:2      | Learned a level 5 spell: Iskenderun's Battlesphere
  3043 | D:7      | Reached XP level 8. HP: 30/41 MP: 21/21
  3228 | D:8      | Found a hazy altar of Hepliaklqana.
  3302 | D:8      | Found Gigrud's Book Shop.
  3593 | D:8      | Found a roughly hewn altar of Beogh.
  3919 | D:8      | Reached skill level 10 in Conjurations
  3951 | D:7      | Reached skill level 5 in Charms
  3971 | D:7      | Bought an uncursed amulet of magic regeneration for 330 gold pieces
  4126 | D:8      | Noticed a komodo dragon
  4128 | D:8      | Found a staircase to the Lair.
  4145 | D:8      | Killed a komodo dragon
  4145 | D:8      | Reached XP level 9. HP: 34/45 MP: 14/23
  4413 | D:9      | Found a glowing golden altar of the Shining One.
  4572 | D:9      | Identified 2 scrolls of acquirement
  4603 | D:9      | Found a staircase to the Orcish Mines.
  4633 | D:9      | Found a deep blue altar of Sif Muna.
  4755 | D:9      | Found a radiant altar of Vehumet.
  4763 | D:9      | Became a worshipper of Vehumet
  4812 | Orc:1    | Entered Level 1 of the Orcish Mines
  4812 | Orc:1    | Noticed a cyclops
  4816 | Orc:1    | Killed a cyclops
  4816 | Orc:1    | Reached skill level 1 in Shields
  4817 | Orc:1    | Noticed an orc high priest
  4903 | D:10     | Entered Level 10 of the Dungeon
  4904 | D:10     | Noticed Erolcha
  4916 | D:10     | Killed Erolcha
  4916 | D:10     | Reached skill level 10 in Spellcasting
  4916 | D:10     | Reached XP level 10. HP: 47/50 MP: 6/26
  4938 | D:10     | Learned a level 2 spell: Sublimation of Blood
  5066 | D:10     | Noticed a hill giant
  5082 | D:10     | Killed a hill giant
  5171 | D:10     | Learned a level 5 spell: Fireball
  5195 | D:10     | Noticed a hill giant
  5202 | D:10     | Killed a hill giant
  5246 | D:10     | Noticed Fannar
  5254 | D:10     | Killed Fannar
  5312 | D:10     | Reached * piety under Vehumet
  5312 | D:10     | Offered knowledge of Flame Tongue by Vehumet.
  5565 | D:11     | Reached skill level 5 in Fire Magic
  5622 | D:11     | Reached XP level 11. HP: 52/54 MP: 15/28
  5823 | D:12     | Reached skill level 5 in Shields
  5855 | D:12     | Noticed a hill giant
  5868 | D:12     | Killed a hill giant
  5909 | D:12     | Noticed a deep elf mage
  5913 | D:12     | Killed a deep elf mage
  5969 | D:12     | Reached ** piety under Vehumet
  5969 | D:12     | Offered knowledge of Freeze by Vehumet.
  6136 | D:12     | Found a labyrinth entrance.
  6149 | Lab      | Entered a labyrinth
  6480 | Lab      | Noticed a minotaur
  6518 | Lab      | Slain by a minotaur

Vault maps used:
D:1:      scummos_arrival_star
D:3:      kennysheep_vampire_church, old_standard_altar
D:5:      wad_pebble_path, tgw_xom, tgw_trog, old_standard_altar, first_bread,
          serial_shops, nicolae_shop_statue_plus, nicolae_shop_crystal,
          okawaru_ov_weapons_minmay
D:6:      uniq_crazy_yiuf_cottage
D:7:      serial_shops, shop
D:8:      old_standard_altar, david_lair_shrubbed, serial_shops, shop_fountains,
          special_room
D:9:      led_sif_book, fiery_altar_vehumet, orc_0_dummy, the_bakery,
          kennysheep_big_empty_room, nicolae_tso_swordbearing_angel
D:10:     uniq_fannar, uniq_erolcha
D:12:     lab_entry_generic
Temple:   cyrus_circular_temple
Lab:      labyrinth_mini_lab, nicolae_lab_dead_end, labyrinth_glass_1,
          labyrinth_skeletal_remains, lab_fountain, nicolae_lab_diamond,
          nicolae_lab_arrow, nicolae_lab_stuck, nicolae_lab_very_dead_end

Skill      XL: |  1  2  3  4  5  6  7  8  9 10 11 |
---------------+----------------------------------+-----
Conjurations   | 5 7 8 9 10 12 | 12.2
Spellcasting   | 4 5 6 7 8 10 11 12 | 12.0
Charms         | 2 6 9 |  9.0
Shields        | 2 4 5 |  5.7
Fire Magic     | 5 8 |  8.2
Dodging        | |  2.4
Stealth        | |  2.4

Action                   |  1- 3 |  4- 6 |  7- 9 | 10-12 || total
-------------------------+-------+-------+-------+-------++-------
Melee: Unarmed           |     1 |       |       |       ||     1
       Trident           |    16 |    49 |       |       ||    65
       Quarterstaff      |       |    11 |    45 |       ||    56
       Staff             |       |       |       |     3 ||     3
 Fire: Blowgun           |       |    10 |       |       ||    10
 Cast: Magic Dart        |    33 |    11 |    75 |    83 ||   202
       Searing Ray       |     4 |    12 |    35 |    17 ||    68
       Iskenderun's Batt |       |       |    20 |    31 ||    51
       Iskenderun's Myst |       |       |    11 |     5 ||    16
       Fireball          |       |       |       |    19 ||    19
  Use: Scroll            |       |     9 |     5 |     3 ||    17
       Potion            |       |       |       |     1 ||     1
 Stab: Sleeping          |     1 |       |     3 |       ||     4
  Eat: Chunk             |       |     2 |    14 |     8 ||    24
       Beef jerky        |       |       |       |     1 ||     1
Armor: Robe              |       |     9 |    49 |    14 ||    72
Dodge: Dodged            |     7 |    31 |   105 |    12 ||   155
Block: Shield            |       |       |     3 |    23 ||    26
       Reflection        |       |       |     1 |     2 ||     3
